 Dungeon Crawl Stone Soup version 0.30-a0-451-ge042605de7 (console) character file.

Game seed: 4260215746560142353

186669 jejorda2 the Peltast (level 18, -5/225 HPs)
             Began as a Merfolk Berserker on Dec 11, 2022.
             Was a High Priest of Trog.
             Killed by divine providence
             ... invoked by a meliai
              (8 damage)
             ... on level 4 of the Spider Nest on Dec 12, 2022.
             The game lasted 02:25:08 (38623 turns).

jejorda2 the Peltast (Merfolk Berserker)           Turns: 38623, Time: 02:25:09

Health: -5/225     AC: 27    Str: 22    XL:     18   Next: 48%
Magic:  0/18       EV: 21    Int:  6    God:    Trog [*****.]
Gold:   1963       SH: 16    Dex: 23    Spells: 17/17 levels left

rFire   . . .      SeeInvis +    a - +9 quick blade (vorpal)
rCold   . . .      Faith    +    A - +0 kite shield
rNeg    + . .      Spirit   .    F - +10 chain mail of Tilivvun {rN+}
rPois   +          Reflect  .    T - +2 helmet of the Blessed Realm {Will+ SInv}
rElec   .          Harm     .    (no cloak)
rCorr   .          Rampage  .    M - +0 pair of gloves
Will    ++...                    d - +2 pair of boots
Stlth   ..........               Q - amulet of Moodiness {Faith Slay+2}
HPRegen 0.57/turn                w - ring of Roakijih {EV+4 Str+4 Dex+4}
MPRegen 0.16/turn                m - ring of poison resistance

@: berserking, lethally poisoned (-5 -> -9), very quick
A: (nimble swimmer 2), mertail, clumsy 1
a: Renounce Religion, Berserk, Trog's Hand, Brothers in Arms


You were on level 4 of the Spider Nest.
You worshipped Trog.
Trog was extremely pleased with you.
You visited 4 branches of the dungeon, and saw 26 of its levels.
You also visited: Gauntlet, Ice Cave and Volcano.

You collected 3439 gold pieces.
You spent 1476 gold pieces at shops.

Inventory:

Hand Weapons
 a - a +9 vorpal quick blade (weapon)
 b - a +2 scimitar of holy wrath
 U - a +4 antimagic dagger
Missiles
 o - 30 poisoned darts (quivered)
 s - 9 atropa-tipped darts
 B - 4 javelins
 K - 6 throwing nets
 P - 11 silver javelins
 S - 13 boomerangs of dispersal
 Y - 10 boomerangs
Armour
 d - a +2 pair of boots (worn)
 A - a +0 kite shield (worn)
 F - the +10 chain mail of Tilivvun (worn) {rN+}
   (You found it on level 15 of the Dungeon)

   rN:        It protects you from negative energy.
 M - a +0 pair of gloves (worn)
 T - the +2 helmet of the Blessed Realm (worn) {Will+ SInv}
   (You found it in a Gauntlet)

   SInv:      It lets you see invisible.
   Will:      It increases your willpower.
Jewellery
 h - a ring of fire
 m - a ring of poison resistance (right hand)
 w - the ring of Roakijih (left hand) {EV+4 Str+4 Dex+4}
   (You took it off a centaur warrior on level 13 of the Dungeon)

   [ring of evasion]

   EV:        It affects your evasion (+4).
   Str:       It affects your strength (+4).
   Dex:       It affects your dexterity (+4).
 y - a ring of flight
 J - a ring of ice
 Q - the amulet of Moodiness (around neck) {Faith Slay+2}
   (You found it in a Gauntlet)

   [amulet of faith]

   It allows you to gain divine favour quickly.
   Slay:      It affects your accuracy & damage with ranged weapons and melee
   (+2).
Wands
 f - a wand of charming (9)
 n - a wand of quicksilver (8)
 C - a wand of polymorph (11)
 D - a wand of iceblast (10)
 N - a wand of digging (13)
 R - a wand of flame (15)
Scrolls
 e - 2 scrolls of silence
 g - 4 scrolls of fog
 l - 13 scrolls of teleportation
 q - 2 scrolls of fear
 v - 2 scrolls of poison
 x - a scroll of summoning
 G - 5 scrolls of blinking
 Z - 2 scrolls of magic mapping
Potions
 c - 3 potions of invisibility
 i - 6 potions of flight
 j - 8 potions of curing
 k - 6 potions of mutation
 p - 10 potions of haste
 t - 2 potions of ambrosia
 u - 2 potions of cancellation
 z - 4 potions of attraction
 E - 4 potions of might
 L - a potion of berserk rage
 O - a potion of resistance
 V - 4 potions of heal wounds
Miscellaneous
 r - a lightning rod (4/4)
 I - a condenser vane
 W - a tin of tremorstones (2/2)


   Skills:
 + Level 15.6 Fighting
 - Level 8.6(11.9) Short Blades
 - Level 12.9(14.0) Long Blades
 * Level 15.6 Throwing
 - Level 5.0 Armour
 - Level 15.3 Dodging
 - Level 3.0 Stealth
 - Level 17.3 Shields
 - Level 6.0 Evocations


You had 17 spell levels left.
You didn't know any spells.
Your spell library was empty.

Dungeon Overview and Level Annotations

Branches:
Dungeon (15/15)            Temple (0/1) D:5            Lair (5/5) D:9
 Shoals (0/4) Lair:3       Spider (4/4) Lair:3        Slime (0/5) Lair:5
    Orc (2/2) D:10            Elf (0/3) Orc:2        Vaults (0/5) D:13
 Depths (0/4) D:15          IceCv (visited)         Volcano (visited)
Gauntlet (visited)

Altars:
Cheibriados
Dithmenos
Elyvilon
Fedhas
Makhleb
Nemelex Xobeh
Okawaru
Qazlal
Ru
Sif Muna
Trog
Uskayaw
Vehumet
Zin
The Shining One

Shops:
D:4 (![!   D:9 *   D:12 !   D:14 ?   Orc:2 ?:*([


Innate Abilities, Weirdness & Mutations

((You are very nimble when in or above water. (Stealth+, EV+, Speed+++)))
Your lower body shifts to a powerful aquatic tail in water.
You are clumsy. (Dex -2)


Message History

The meliai mumbles some strange prayers to its god against you.
Something smites you!
* * * LOW HITPOINT WARNING * * *
The ghost moth stares at you.
You feel your power leaking away.
You impale the steelbarb worm!!
The steelbarb worm is moderately wounded.
You feel sick.
The tarantella touches you but does no damage.
You block the steelbarb worm's attack.
You puncture the tarantella!
The tarantella is severely wounded.
You feel sick. You block the ghost moth's attack. The ghost moth hits you!
* * * LOW HITPOINT WARNING * * *
You block the ghost moth's attack.
You hit the tarantella. You tail-slap the tarantella!
You kill the tarantella!
Trog accepts your kill.
The jumping spider leaps!
The redback bites you.
* * * LOW HITPOINT WARNING * * *
You block the meliai's attack. The meliai closely misses you.
Your +2 pair of boots unmelds from your body.
Found a pair of runed gloves.
* * * LOW HITPOINT WARNING * * *
You feel sick.
Unknown command.
You barely miss the jumping spider.
* * * LOW HITPOINT WARNING * * *
You feel sick. The ghost moth stares at you.
You puncture the redback!
The redback is heavily wounded.
Unknown command.
You puncture the ghost moth!
The ghost moth is moderately wounded.
* * * LOW HITPOINT WARNING * * *
You feel sick.
The meliai mumbles some strange prayers to its god against you.
Something smites you!
You die...

#..........^...!
####....^###...#
#########.... ### ####
###~....
#####.~####~~####^~.....
.^.....^....^.~~#..†.#..
~....^.^..........~####.
.^..########≈≈≈≈....###.
#####ss@.?~####≈≈....###
###..[w≈yy!...!~##≈..~~###
#.....≈≈φw≈≈≈≈≈.[#.....##~
.###!!.≈≈≈≈≈≈≈....#....####
^...~~).[!^.^..####..~####.
##~^...~##^.####.....^###..
##..~.(.####^....~.####.#.
####~((...^^)#########.^.
###(.(.~#########.^.^.


You could see a ghost moth (invisible), 2 steelbarb worms, a jumping spider, a
redback and a meliai.

Vanquished Creatures
  Saint Roka (Orc:2)
  A frost giant (D:14)
  3 ghost moths
  6 emperor scorpions
  An orc warlord (Orc:2)
  3 broodmothers
  A broodmother (shapeshifter) (D:13)
  A stone giant (D:15)
  A dire elephant (shapeshifter) (D:14)
  A minotaur (Gauntlet)
  Snorg (D:10)
  A great orb of eyes (D:13)
  A fire dragon (D:12)
  An entropy weaver (Spider:3)
  Harold (Orc:1)
  8 vault guards (D:13)
  6 hydras
  2 radroaches
  4 ogre magi
  A ghost crab (Gauntlet)
  6 catoblepae
  A jorogumo (Spider:4)
  16 two-headed ogres
  A death scarab (Gauntlet)
  7 centaur warriors
  8 boulder beetles
  4 tengu warriors
  A deep troll earth mage (D:14)
  7 death yaks (Lair:5)
  An orc high priest (Orc:2)
  7 skeletal warriors
  Lodul (D:12)
  7 pharaoh ants
  4 steelbarb worms
  Pikel (D:5)
  7 orb spiders
  2 deep elf zephyrmancers
  10 deep elf pyromancers
  4 anaconda skeletons (Volcano)
  A deep elf archer (Orc:2)
  2 wizards
  3 orc knights
  An orc sorcerer (Orc:2)
  A necromancer (IceCv)
  5 cyclopes
  19 wolf spiders
  5 manticores
  3 moths of wrath
  11 ugly things
  Joseph (D:7)
  19 elephants
  2 black mambas
  An ice statue (IceCv)
  5 torpor snails
  Maggie (D:10)
  6 cane toads
  7 gargoyles
  An unseen horror (D:9)
  Psyche (D:8)
  A rime drake (shapeshifter) (D:13)
  7 komodo dragons
  3 kobold demonologists
  3 efreet
  A rime drake (Lair:5)
  7 demonic crawlers
  A yaktaur (D:12)
  2 tengu conjurers
  6 freezing wraiths (IceCv)
  An anaconda simulacrum (IceCv)
  13 ice devils
  Grinder (D:4)
  A queen bee (shapeshifter) (D:14)
  A meliai (Spider:4)
  9 trolls
  A hornet (D:7)
  20 blink frogs
  A harpy skeleton (Volcano)
  30 tarantellas
  A raiju (D:12)
  A dream sheep (Lair:4)
  A slime creature (D:13)
  32 jumping spiders
  2 alligator skeletons (Volcano)
  24 culicivoras
  3 wraiths
  Sigmund (D:2)
  3 flying skulls (Volcano)
  6 shadows
  2 dire elephant simulacra (IceCv)
  4 wyverns
  3 basilisks
  A spectral komodo dragon (Gauntlet)
  Eustachio (D:5)
  35 yaks
  A fire bat (shapeshifter) (D:13)
  5 steam dragons
  54 redbacks
  6 death yak simulacra (IceCv)
  3 vampire mosquitoes (D:12)
  Edmund (D:4)
  A warg (Orc:1)
  2 harpy simulacra (IceCv)
  A swamp worm (shapeshifter) (D:13)
  2 hell hounds (Lair:4)
  2 acid dragons
  10 water moccasins
  3 hydra simulacra (IceCv)
  4 black bears
  19 orc warriors
  4 ice beasts
  8 wolves
  34 ogres
  21 centaurs
  A phantom (D:4)
  3 kobold brigands
  11 bullfrogs
  2 cane toad simulacra (IceCv)
  A gnoll sergeant (D:9)
  A two-headed ogre simulacrum (IceCv)
  2 scorpions
  3 wights (D:8)
  A troll skeleton (Volcano)
  2 elephant simulacra (IceCv)
  4 killer bees (D:7)
  A spriggan skeleton (Volcano)
  15 howler monkeys
  An electric eel (Spider:4)
  6 jellies
  12 orc priests
  4 hounds
  3 gnoll boudas
  3 iguanas
  19 orc wizards
  A troll simulacrum (IceCv)
  5 polar bear simulacra (IceCv)
  5 wolf simulacra (IceCv)
  6 ogre zombies (D:10)
  2 naga skeletons (Volcano)
  17 gnolls
  4 adders
  2 naga simulacra (IceCv)
  5 white imps
  5 ufetubi
  6 dart slugs
  38 orcs
  2 ball pythons
  10 endoplasms
  A giant cockroach (D:2)
  5 goblins
  8 hobgoblins
  3 quokkas
  3 bats
  4 frilled lizards
  A goblin zombie (D:10)
  3 hobgoblin skeletons (D:10)
  5 hobgoblin zombies (D:10)
  18 kobolds
  10 orc zombies (D:10)
  4 rats
913 creatures vanquished.

Vanquished Creatures (collateral kills)
  An emperor scorpion (Spider:4)
  An ogre mage (Orc:2)
  2 orb spiders
  A steelbarb worm (Spider:4)
  A demonic crawler (Spider:2)
  3 tarantellas
  2 blink frogs (Lair:4)
  2 jumping spiders
  A culicivora (Spider:3)
  4 redbacks
  2 ogres (Orc:2)
  A bullfrog (D:6)
  An orc priest (D:7)
22 creatures vanquished.

Vanquished Creatures (others)
  A jorogumo (Spider:4)
  A deep elf zephyrmancer (Orc:1)
  A deep elf pyromancer (D:12)
  A tarantella (Spider:1)
  A jumping spider (Spider:1)
  A basilisk (D:12)
  2 sky beasts (D:7)
  13 fungi
  49 plants
  6 withered plants (Gauntlet)
76 creatures vanquished.

Grand Total: 1011 creatures vanquished

Notes
Turn   | Place    | Note
-------+----------+-------------------------------------------
     0 | D:1      | jejorda2 the Merfolk Berserker began the quest for the Orb.
     0 | D:1      | Reached XP level 1. HP: 18/18 MP: 1/1
   333 | D:1      | Reached XP level 2. HP: 24/24 MP: 2/2
   396 | D:1      | You fall into a shaft and drop 1 floor!
   698 | D:2      | Noticed Sigmund
   702 | D:2      | Killed Sigmund
   703 | D:2      | Reached XP level 3. HP: 30/30 MP: 3/3
   703 | D:2      | Reached XP level 4. HP: 37/37 MP: 4/4
   703 | D:2      | Reached XP level 5. HP: 42/42 MP: 5/5
  1870 | D:3      | Reached skill level 5 in Long Blades
  1876 | D:3      | Reached XP level 6. HP: 39/48 MP: 6/6
  1936 | D:3      | Reached ** piety under Trog
  2535 | D:4      | Found Tugeoti's Distillery.
  2556 | D:4      | Found Cebioh's Weapon Shoppe.
  2556 | D:4      | Found Jiologup's Distillery.
  2556 | D:4      | Found Dearred's Armour Shoppe.
  2565 | D:4      | Bought a potion of curing for 39 gold pieces
  2571 | D:4      | Bought 2 throwing nets for 72 gold pieces
  2673 | D:4      | Reached skill level 5 in Dodging
  2775 | D:4      | Noticed Grinder
  2791 | D:4      | Killed Grinder
  2792 | D:4      | Reached XP level 7. HP: 55/55 MP: 7/7
  3139 | D:4      | Noticed Edmund
  3148 | D:4      | Killed Edmund
  3268 | D:4      | Reached skill level 5 in Short Blades
  3612 | D:5      | Entered Level 5 of the Dungeon
  3640 | D:5      | Found a staircase to the Ecumenical Temple.
  3784 | D:5      | Found a blossoming altar of Fedhas.
  3790 | D:5      | Reached XP level 8. HP: 53/61 MP: 8/8
  3976 | D:5      | Noticed Pikel
  3990 | D:5      | Killed Pikel
  3991 | D:5      | Reached skill level 5 in Fighting
  3991 | D:5      | Reached skill level 2 in Shields
  4197 | D:5      | Noticed Eustachio
  4212 | D:5      | Killed Eustachio
  4376 | D:6      | Reached XP level 9. HP: 57/68 MP: 9/9
  4475 | D:6      | Reached skill level 3 in Shields
  4608 | D:6      | Identified the +0 helmet "Kur Fiy" {rPois rN+}
  5232 | D:7      | Found a hide-covered altar of Uskayaw.
  5304 | D:7      | Reached *** piety under Trog
  5341 | D:7      | Reached skill level 4 in Shields
  5522 | D:7      | Found a burning altar of Makhleb.
  5676 | D:7      | Noticed an Executioner
  5679 | D:7      | Noticed Joseph
  5680 | D:7      | Found a glowing silver altar of Zin.
  5680 | D:7      | Noticed an angel
  5692 | D:7      | Killed Joseph
  5693 | D:7      | Reached skill level 5 in Shields
  5767 | D:7      | Noticed a hornet
  5925 | D:7      | Reached skill level 5 in Armour
  5925 | D:7      | Reached XP level 10. HP: 54/76 MP: 10/10
  5934 | D:7      | Reached skill level 6 in Shields
  6625 | D:7      | Found a white marble altar of Elyvilon.
  6707 | D:8      | Reached skill level 7 in Shields
  7345 | D:8      | Noticed Psyche
  7351 | D:8      | Killed Psyche
  7352 | D:8      | Reached skill level 8 in Shields
  7760 | D:9      | Killed an unseen horror
  8356 | D:9      | Reached skill level 9 in Shields
  8386 | D:9      | Found Ogykla's Demolitions Depot.
  8406 | D:9      | Found a bloodstained altar of Trog.
  8407 | D:9      | Found a sacrificial altar of Ru.
  8409 | D:9      | Found a snail-covered altar of Cheibriados.
  8414 | D:9      | Found an iron altar of Okawaru.
  8415 | D:9      | Found a shimmering blue altar of Sif Muna.
  8418 | D:9      | Found a glowing golden altar of the Shining One.
  8420 | D:9      | Found a shadowy altar of Dithmenos.
  8420 | D:9      | Found a sparkling altar of Nemelex Xobeh.
  8424 | D:9      | Found a radiant altar of Vehumet.
  8425 | D:9      | Found a stormy altar of Qazlal.
  8649 | D:9      | Reached skill level 1 in Stealth
  8919 | D:9      | Reached skill level 1 in Evocations
  9103 | D:9      | Found a staircase to the Lair.
  9323 | D:10     | Entered Level 10 of the Dungeon
  9415 | D:10     | Reached XP level 11. HP: 13/81 MP: 11/11
  9857 | D:10     | Noticed Snorg
  9877 | D:10     | Killed Snorg
  9878 | D:10     | Reached skill level 10 in Shields
 10030 | D:10     | Found a staircase to the Orcish Mines.
 10286 | D:10     | Noticed Maggie
 10303 | D:10     | Killed Maggie
 10304 | D:10     | Reached skill level 5 in Evocations
 10551 | D:10     | Reached **** piety under Trog
 11004 | Lair:1   | Entered Level 1 of the Lair of Beasts
 11084 | Lair:1   | Reached skill level 11 in Shields
 11165 | Lair:1   | Reached skill level 12 in Shields
 11165 | Lair:1   | Reached XP level 12. HP: 95/95 MP: 12/12
 11901 | Lair:2   | Reached skill level 10 in Fighting
 11966 | Lair:2   | Reached skill level 13 in Shields
 12337 | Lair:2   | Reached XP level 13. HP: 104/104 MP: 13/13
 12771 | Lair:3   | Found a hole to the Spider Nest.
 12955 | Lair:3   | Found the +4 Cigotuvi's embrace {rMiasma Drain rN+}
 13249 | Lair:3   | Found a staircase to the Shoals.
 13938 | Lair:4   | Reached skill level 14 in Shields
 14036 | Lair:4   | Found a gate leading to a gauntlet.
 14046 | Gauntlet | Entered a Gauntlet
 14046 | Gauntlet | Found a large runed translucent door.
 14046 | Gauntlet | Found a large runed translucent door.
 14046 | Gauntlet | Found a large runed translucent door.
 14046 | Gauntlet | Found a large runed translucent door.
 14046 | Gauntlet | Found a runed translucent door.
 14046 | Gauntlet | Found a large runed translucent door.
 14046 | Gauntlet | Found a large runed translucent door.
 14046 | Gauntlet | Found a transporter.
 14046 | Gauntlet | Found a transporter.
 14046 | Gauntlet | Found a large runed translucent door.
 14046 | Gauntlet | Found a large runed translucent door.
 14046 | Gauntlet | Found a runed translucent gate.
 14046 | Gauntlet | Found a runed translucent gate.
 14046 | Gauntlet | Found a transporter.
 14055 | Gauntlet | Found a transporter.
 14070 | Gauntlet | Found a transporter.
 14087 | Gauntlet | Identified the ring "Taxodu Ineosch" {Will+ MP+9 SInv}
 14106 | Gauntlet | Found a transporter.
 14134 | Gauntlet | Found a transporter.
 14143 | Gauntlet | Found a transporter.
 14223 | Gauntlet | Found a transporter.
 14231 | Gauntlet | Identified the +6 morningstar of Perversion {venom, Will+
                  | Dex+2}
 14231 | Gauntlet | Identified the amulet of Wiecianiuh {RegenMP Str+2 Int+6
                  | Dex-2 SInv}
 14231 | Gauntlet | Noticed a minotaur
 14257 | Gauntlet | Killed a minotaur
 14263 | Gauntlet | Identified the amulet of Moodiness {Faith Slay+2}
 14263 | Gauntlet | Identified the +2 helmet of the Blessed Realm {Will+ SInv}
 14331 | Lair:4   | Found a dark tunnel.
 14354 | Volcano  | Entered a volcano
 15082 | Volcano  | Reached skill level 10 in Long Blades
 16237 | Lair:4   | Reached XP level 14. HP: 115/115 MP: 14/14
 16526 | Lair:4   | Reached skill level 10 in Dodging
 17666 | Lair:5   | Entered Level 5 of the Lair of Beasts
 18079 | Lair:5   | Found a staircase to the Slime Pits.
 18240 | Lair:5   | Identified the +1 robe of Ankouxid {rC+ Regen+}
 18276 | Lair:5   | Reached skill level 1 in Throwing
 18573 | Lair:5   | Identified the +4 robe of Sointey {*Corrode Str+4 Dex+6}
 20811 | D:4      | Bought 5 boomerangs for 30 gold pieces
 21221 | D:12     | Found Usetsef's Distillery.
 21231 | D:12     | Bought a potion of heal wounds for 55 gold pieces
 21292 | D:12     | Reached XP level 15. HP: 114/120 MP: 15/15
 21324 | D:12     | Found a frozen archway.
 21349 | D:12     | Reached ***** piety under Trog
 21359 | IceCv    | Entered an ice cave
 21709 | IceCv    | Found an ancient bone altar of Kikubaaqudgha.
 21766 | IceCv    | Reached skill level 5 in Throwing
 22250 | IceCv    | Identified the ring "Ducvuis" {Drain rC++ rN+ Dex+4 Stlth+}
 22280 | IceCv    | Reached skill level 15 in Shields
 24294 | D:12     | Noticed Lodul
 24300 | D:12     | Killed Lodul
 24300 | D:12     | Received a gift from Trog
 25033 | D:13     | Found a gate to the Vaults.
 25400 | D:13     | Reached skill level 16 in Shields
 25512 | D:13     | Identified the ring of Roakijih {EV+4 Str+4 Dex+4}
 26047 | D:13     | Reached XP level 16. HP: 127/127 MP: 16/16
 26424 | D:14     | Found Ofikly's Magic Scroll Emporium.
 26820 | D:14     | Received a gift from Trog
 27327 | D:15     | Entered Level 15 of the Dungeon
 27346 | D:15     | Reached skill level 17 in Shields
 27354 | D:15     | Reached skill level 15 in Dodging
 27467 | D:15     | Identified the ring of Koxkes {rC+ Int+4}
 27608 | D:15     | Identified the +10 chain mail of Tilivvun {rN+}
 27664 | D:15     | Found a staircase to the Depths.
 28825 | Orc:1    | Entered Level 1 of the Orcish Mines
 28869 | Orc:1    | Noticed Harold
 28891 | Orc:1    | Killed Harold
 28897 | Orc:1    | Received a gift from Trog
 28947 | Orc:1    | You fall into a shaft and drop 1 floor!
 28947 | Orc:2    | Entered Level 2 of the Orcish Mines
 28947 | Orc:2    | Found Nivet's Book Boutique.
 28947 | Orc:2    | Found Teva's Antique Weapon Emporium.
 28947 | Orc:2    | Found Neclosah's Magic Scroll Shoppe.
 28947 | Orc:2    | Found Ifiamoton's Assorted Antiques.
 29031 | Orc:2    | Reached skill level 10 in Throwing
 29102 | Orc:2    | Bought a condenser vane for 1280 gold pieces
 29501 | Orc:2    | Found a staircase to the Elven Halls.
 29531 | Orc:2    | Noticed Saint Roka
 29571 | Orc:2    | Killed Saint Roka
 29666 | Orc:1    | Reached XP level 17. HP: 72/136 MP: 17/17
 30232 | Orc:1    | Received a gift from Trog
 30376 | Orc:2    | Found Dyzxeul's Armour Emporium.
 31284 | Spider:1 | Entered Level 1 of the Spider Nest
 32611 | Spider:1 | Reached ****** piety under Trog
 33234 | Spider:1 | Identified a scroll of acquirement
 33235 | Spider:1 | Acquired an amulet of regeneration
 33644 | Spider:2 | Received a gift from Trog
 33877 | Spider:2 | Gained mutation: You are clumsy. (Dex -2) [mutagenic glow]
 36011 | Spider:3 | Received a gift from Trog
 36681 | Spider:4 | Entered Level 4 of the Spider Nest
 36697 | Spider:3 | Reached XP level 18. HP: 147/147 MP: 18/18
 37218 | Spider:3 | Reached skill level 15 in Fighting
 37458 | Spider:4 | Reached skill level 15 in Throwing
 38556 | Spider:4 | Received a gift from Trog
 38618 | Spider:4 | HP: 11/225 [ghost moth (7)]
 38620 | Spider:4 | HP: 5/225 [poisoned by an emperor scorpion]
 38623 | Spider:4 | Killed from afar by a meliai

Illustrated notes

Levels and vault maps discovered:
D:1:      psy_arrival_radial01, layout_rooms, grunt_decor_arrowhead,
          minivault_14
D:2:      layout_basic, uniq_sigmund
D:3:      layout_basic, serial_park_tiny_pond, chequers_serial_rivers_marsh
D:4:      layout_basic, minmay_shop_grid_forest, uniq_grinder, uniq_edmund
D:5:      layout_rooms, mainiacjoe_overflow_cross_hatched,
          minmay_temple_entry_sparse_star, nrook_uturn, uniq_eustachio,
          uniq_pikel
D:6:      hellmonk_ruined_rings, layout_cave_pools
D:7:      layout_basic, grunt_temple_overflow_order_and_chaos_2,
          mainiacjoe_overflow_big_doors, minmay_diced_spiral, uniq_joseph
D:8:      layout_basic, hangedman_decor_diamond_cutter, uniq_psyche
D:9:      layout_roguey, nicolae_overflow_hallway_of_the_gods, erik_lair_dragon,
          grunt_decor_fettered, nicolae_blasting_shop
D:10:     layout_basic, zombieorc1_lemuel, uniq_snorg, uniq_maggie
D:11:     layout_roguey
D:12:     layout_loops_ring, portal_ice_cave_demonic_guard, serial_shops, shop,
          dilly_guarded_unrand_elemental_staff, uniq_lodul
D:13:     minmay_the_grid_triangle_9x9_recursive_2_mashed
          [minmay_the_grid_triangle_9x9_prize_schism,
          minmay_the_grid_triangle_9x9_windchime,
          minmay_the_grid_triangle_9x9_intruding_spiral,
          minmay_the_grid_triangle_9x9_semitri], layout_rooms, erik_vaults_2
D:14:     layout_basic, serial_shops, nicolae_diamond_shop, wad_dig_loot
D:15:     grunt_enter_depths_snipers, layout_grid_maze, minivault_25
Lair:1:   layout_regular_city, grunt_forest_small_clearing_treed,
          serial_bayou_shore_b, grunt_megastairs_4
Lair:2:   layout_roguey, infiniplex_staircase_pool, serial_bayou_shore_a
Lair:3:   layout_cave_pods, shoals_dummy_entry, spider_nest_entry_a
Lair:4:   layout_cave_shapes, enter_volcano_3, gauntlet_entry_generic,
          nzn_random_ring
Lair:5:   evilmike_catoblepas_cave, layout_long_grid,
          nicolae_slime_entry_slimehenge
Spider:1: layout_spider_delve
Spider:2: layout_chambers, nicolae_spider_circle_web, drop_trap
Spider:3: layout_spider_delve
Spider:4: grunt_spider_rune_circles
Orc:1:    layout_diamond_mine, elves_outpost_lemuel, uniq_harold
Orc:2:    st_orc_ogre_mass, layout_caves, serial_shops,
          nicolae_shop_behind_doors, elf_legates, uniq_saint_roka

Skill      XL: |  1  2  3  4  5  6  7  8  9 10 11 12 13 14 15 16 17 18 |
---------------+-------------------------------------------------------+-----
Dodging        | 3 4 5 9 12 14 15 | 15.3
Long Blades    | 4 5 6 7 10 12 | 12.9
Short Blades   | 2 3 4 5 7 8 |  8.6
Armour         | 2 3 5 |  5.0
Fighting       | 4 5 6 9 10 12 13 14 15 | 15.6
Shields        | 2 5 9 12 13 14 16 17 | 17.3
Stealth        | 3 |  3.0
Evocations     | 2 6 |  6.0
Throwing       | 4 7 10 14 15 | 15.6

Action                   |  1- 3 |  4- 6 |  7- 9 | 10-12 | 13-15 | 16-18 || total
-------------------------+-------+-------+-------+-------+-------+-------++-------
Melee: Falchion          |    19 |       |       |       |       |       ||    19
       Dagger            |    13 |   123 |   321 |   747 |  1840 |       ||  3044
       Punch             |       |       |     1 |       |       |       ||     1
       Long sword        |       |       |     7 |     8 |    76 |       ||    91
       Tailslap          |       |       |       |       |     7 |    20 ||    27
       Quick blade       |       |       |       |       |   509 |  2263 ||  2772
       Scimitar          |       |       |       |       |       |    87 ||    87
Throw: Stone             |     4 |       |       |    24 |    19 |       ||    47
       Dart              |       |       |       |       |    15 |   276 ||   291
       Throwing net      |       |       |       |       |     1 |     1 ||     2
       Boomerang         |       |       |       |       |    48 |       ||    48
       Javelin           |       |       |       |       |       |     3 ||     3
Invok: Berserk           |     3 |     2 |     6 |    13 |    26 |    21 ||    71
       Trog's Hand       |       |     1 |     2 |     4 |    13 |     5 ||    25
       Brothers in Arms  |       |       |       |       |     4 |     4 ||     8
Evoke: Wand              |       |       |       |     2 |    10 |     2 ||    14
  Use: Scroll            |       |       |    20 |     8 |    12 |     8 ||    48
       Potion            |       |       |     1 |     1 |     1 |     4 ||     7
 Stab: Sleeping          |     1 |     1 |       |     6 |     6 |     3 ||    17
       Invisible         |       |       |       |       |     8 |     1 ||     9
       Distracted        |       |       |       |       |     2 |       ||     2
       Held in net/web   |       |       |       |       |     1 |     2 ||     3
Armor: Animal skin       |     7 |       |       |       |       |       ||     7
       Ring mail         |       |    22 |     9 |       |       |       ||    31
       Leather armour    |       |       |    55 |    30 |   254 |       ||   339
       Steam dragon scal |       |       |       |     3 |       |       ||     3
       Troll leather arm |       |       |       |    72 |    72 |    21 ||   165
       Scale mail        |       |       |       |       |    42 |       ||    42
       Chain mail        |       |       |       |       |       |   403 ||   403
Dodge: Dodged            |    16 |    57 |   152 |   194 |   755 |   961 ||  2135
Block: Kite shield       |       |       |    82 |   288 |  1046 |  1164 ||  2580

Table legend: (Time is in decaauts)
 A = Elapsed time spent in this place.
 B = Non-inter-level travel time spent in this place.
 C = Inter-level travel time spent in this place.
 D = Time resting spent in this place.
 E = Time spent auto-exploring this place.
 F = Levels seen in this place.
 G = Mean time per level.
                   A        B        C        D        E       F      G
               +--------+--------+--------+--------+--------+-----+--------+
         Total |  36202 |  33385 |   2817 |   5422 |  20229 |  29 | 1248.3 |
       Dungeon |  17019 |  15216 |   1803 |   1828 |  10261 |  15 | 1134.6 |
          Lair |   7243 |   6687 |    556 |    627 |   4386 |   5 | 1448.6 |
   Spider Nest |   6196 |   5847 |    349 |   1276 |   3210 |   4 | 1549.0 |
  Orcish Mines |   1988 |   1880 |    108 |    185 |   1209 |   2 |  994.0 |
      Ice Cave |   1939 |   1939 |      0 |    665 |    784 |   1 | 1939.0 |
       Volcano |   1600 |   1600 |      0 |    822 |    368 |   1 | 1600.0 |
      Gauntlet |    214 |    214 |      0 |     17 |      9 |   1 |  214.0 |
               +--------+--------+--------+--------+--------+-----+--------+

Top non-repeatable levels by time:
  Lair:5: 2296 daAuts
     D:9: 2131 daAuts
   IceCv: 1939 daAuts
  Lair:4: 1870 daAuts
Spider:2: 1868 daAuts
    D:10: 1802 daAuts
Spider:3: 1789 daAuts
Spider:1: 1636 daAuts
     D:7: 1630 daAuts
 Volcano: 1600 daAuts
    D:12: 1260 daAuts
    D:15: 1244 daAuts
     D:4: 1171 daAuts
   Orc:2: 1137 daAuts
    D:13: 1105 daAuts
